 Dungeon Sprint DCSS version 0.17-a0-2007-g96ac4c4 (webtiles) character file.

259 Ordine the Unseen (level 5, -13/24 HPs)
             Began as a Spriggan Enchanter on Oct 9, 2015.
             Mangled by a slime creature (21 damage)
             ... in the Dungeon (Sprint I: "Red Sonja").
             The game lasted 00:01:13 (231 turns).

Ordine the Unseen (Spriggan Enchanter)               Turns: 231, Time: 00:01:13

Health: -13/24     AC:  4    Str:  4    XL:     5   Next: 94%
Magic:  9/10       EV: 18    Int: 18    God:
Gold:   162        SH:  0    Dex: 16    Spells: 3 memorised, 3 levels left

rFire  . . .     SeeInvis +     a - +1 dagger
rCold  + . .     Clarity  .     i - +2 robe {rC+}
rNeg   . . .     SustAt   .     (shield restricted)
rPois  .         Gourm    .     (helmet restricted)
rElec  .         Spirit   .     (no cloak)
rCorr  .         Warding  .     (gloves unavailable)
rMut   .         NoTele   +     (boots unavailable)
MR     .....                    (no amulet)
Stlth  ++++++++..               (no ring)
                                (no ring)

@: exhausted, very quick, not resistant to hostile enchantments, extraordinarily
stealthy
A: unfitting armour, see invisible, herbivore 3, speed 3, slow metabolism 2
a: no special abilities


You were in the Dungeon.
You were not hungry.

You visited 1 branch You collected 162 gold pieces.

Inventory:

Hand Weapons
 a - a +1 dagger (weapon)
Armour
 i - a +2 robe of cold resistance (worn)
Scrolls
 j - a scroll of blinking
Potions
 e - a potion of curing
 f - a potion of heal wounds
 g - a potion of haste
 h - 2 potions of magic
Books
 c - a book of Maledictions

   Spells                             Type                      Level
   a - Corona                         Hexes                        1
   b - Ensorcelled Hibernation        Hexes/Ice                    2
   c - Confuse                        Hexes                        3
   d - Tukima's Dance                 Hexes                        3
   e - Dazzling Spray                 Conjuration/Hexes            3
Comestibles
 d - a bread ration


   Skills:
 - Level 1.1 Short Blades
 - Level 3.0 Dodging
 + Level 17.8 Stealth
 - Level 2.6 Spellcasting
 - Level 3.6 Hexes


You had 3 spell levels left.
You knew the following spells:

 Your Spells              Type           Power        Failure   Level  Hunger
a - Corona                Hex            ###....      4%          1    #......
b - Ensorcelled Hibernat  Hex/Ice        #.....       14%         2    ##.....
c - Confuse               Hex            ###.....     14%         3    ###....


Dungeon Overview and Level Annotations

Branches:
Dungeon (1/1)

Altars:
Cheibriados
Dithmenos
Fedhas
Sif Muna
Jiyva


Innate Abilities, Weirdness & Mutations

You are tiny and cannot use many weapons and most armour.
You have supernaturally acute eyesight.
You are a herbivore.
You cover ground extremely quickly.
You need consume almost no food.


Message History

Okay, then.
You open the door.
Found a broad axe and a fuming white potion.
Found a deep blue altar of Sif Muna.
As you open the door, it creaks loudly!
A slime creature comes into view.
The slime creature quivers.
Found four altars.
A jelly comes into view.
There is an open door here.
You close the door.
The slime creature hits you!
Ouch! That really hurt!
Cast which spell? (? or * to list)
Aiming: Corona
Press: ? - help, Shift-Dir - straight line, f - slime creature
Aim: a slime creature (chance to defeat MR: 34%)
The slime creature resists with some effort.
The slime creature hits you!!
Ouch! That really hurt!
You die...

###################
#<.#.))..#.['..#__#
#..'..#..'..#..@J.+
#..#####'#####+#__#
#..# #..# #)####
#..# #### #!# #..#
..+ #⌠⌠# ._# ####
J#+# +


You could see a slime creature.

Vanquished Creatures
  Sigmund (D)
  An ogre (D)
  Ijyb (D)
3 creatures vanquished.

Notes
Turn   | Place    | Note
--------------------------------------------------------------
     0 | D        | Ordine the Spriggan Enchanter began the quest for the Orb.
     0 | D        | Reached XP level 1. HP: 9/9 MP: 5/5
     2 | D        | Noticed Ijyb
    13 | D        | Killed Ijyb
    13 | D        | Reached skill level 10 in Stealth
    13 | D        | Reached XP level 2. HP: 7/13 MP: 6/6
   164 | D        | Noticed an ogre
   168 | D        | Killed an ogre
   168 | D        | Reached skill level 13 in Stealth
   168 | D        | Reached XP level 3. HP: 16/16 MP: 8/8
   168 | D        | Reached XP level 4. HP: 21/21 MP: 9/9
   181 | D        | Learned a level 2 spell: Ensorcelled Hibernation
   185 | D        | Learned a level 3 spell: Confuse
   198 | D        | Noticed Sigmund
   201 | D        | Killed Sigmund
   201 | D        | Reached skill level 17 in Stealth
   201 | D        | Reached XP level 5. HP: 24/24 MP: 10/10
   227 | D        | Found a deep blue altar of Sif Muna.
   228 | D        | Found a snail-covered altar of Cheibriados.
   228 | D        | Found a viscous altar of Jiyva.
   228 | D        | Found a shadowy altar of Dithmenos.
   228 | D        | Found a blossoming altar of Fedhas.
   228 | D        | Noticed a slime creature
   229 | D        | Noticed a jelly
   231 | D        | Mangled by a slime creature

Vault maps used:
D:        dungeon_sprint_1

Action                   |  1- 3 |  4- 6 || total
-------------------------+-------+-------++-------
Melee: Dagger            |    12 |     1 ||    13
 Cast: Corona            |       |     1 ||     1
  Use: Potion            |     1 |       ||     1
 Stab: Sleeping          |     1 |     1 ||     2
